 Dungeon Sprint DCSS version 0.24.0-1-gfbc8707 (webtiles) character file.

Game seed: 18161824032968208261, levelgen mode: deterministic

43893 Fang the Slayer (level 14, -18/165 HPs)
             Began as a Gargoyle Berserker on Nov 6, 2019.
             Was the Champion of Trog.
             Demolished by a torturous warmonger
             ... wielding a +3 dire flail of protection
              (24 damage)
             ... in the Dungeon (Sprint V: "Ziggurat Sprint").
             The game lasted 00:05:20 (2092 turns).

Fang the Slayer (Gargoyle Berserker)                Turns: 2092, Time: 00:05:21

Health: -18/165    AC: 41    Str: 35    XL:     14   Next: 26%
Magic:  0/14       EV: 11    Int: 10    God:    Trog [******]
Gold:   0          SH: 35    Dex: 15    Spells: 13/13 levels left

rFire    + . .     SeeInvis .   F - +8 broad axe (vamp)
rCold    + + .     Gourm    .   E - +18 shield of the Gong {rElec rN+ MR+ EV-5}
rNeg     + + +     Faith    .   b - +15 Maxwell's patent armour {-Cast -Tele rElec MR+ rCorr}
rPois    ∞         Spirit   +   g - +2 hat of the Bear Spirit {Spirit, +Rage rN+ MR++}
rElec    +         Reflect  .   Q - scarf {cloud immunity}
rCorr    +         Harm     +   L - +3 pair of gauntlets of War {Slay+5}
MR       +++++     NoTele   +   (no boots) Stlth ..........NoCast +
                                B - amulet "Migisat" {Harm *Drain +Inv +Fly rC+ MR++}
HPRegen  0.37/turn              D - +6 ring of strength
MPRegen  0.14/turn              H - ring of Lies {rF+ rC+ Dex+6 Stlth+}

@: berserking (expiring), sap magic, corroded, studying 4 skills, very quick
A: big wings, negative energy resistance 1, electricity resistance, unbreathing,
petrification resistance, rot immunity, AC +10
a: Fly, Berserk, Trog's Hand, Brothers in Arms, Renounce Religion, Evoke Berserk
Rage, Evoke Invisibility, Evoke Flight


You were in the Dungeon.
You worshipped Trog.
Trog was exalted by your worship.
You were hungry.

You visited 1 branch

Inventory:

Hand Weapons
 a - a +5 broad axe of electrocution
 F - a +8 vampiric broad axe (weapon)
 N - a +2 vampiric broad axe
 V - the +7 war axe of Chaos {chop, +Rage rElec rPois Dex+3}
   (You found it in the Dungeon)

   It inflicts extra damage upon your enemies.
   It affects your dexterity (+3).
   It insulates you from electricity.
   It protects you from poison.
   It lets you go berserk.
Armour
 b - the +15 Maxwell's patent armour (worn) {-Cast -Tele rElec MR+ rCorr}
   (You found it in the Dungeon)

   It insulates you from electricity.
   It affects your resistance to hostile enchantments.
   It prevents spellcasting.
   It prevents most forms of teleportation.
   It provides partial protection from all sources of acid and corrosion.
 g - the +2 hat of the Bear Spirit (worn) {Spirit, +Rage rN+ MR++}
   (You found it in the Dungeon)

   It protects you from negative energy.
   It affects your resistance to hostile enchantments.
   It lets you go berserk.
 E - the +18 shield of the Gong (worn) {rElec rN+ MR+ EV-5}
   (You found it in the Dungeon)

   It affects your evasion (-5).
   It insulates you from electricity.
   It protects you from negative energy.
   It affects your resistance to hostile enchantments.
 L - the +3 pair of gauntlets of War (worn) {Slay+5}
   (You found it in the Dungeon)

   It affects your accuracy and damage with ranged weapons and melee attacks
   (+5).
 P - the +3 hat of Pondering {ponderous, MR+ MP+10 Int+5}
   (You found it in the Dungeon)

   It affects your intelligence (+5).
   It affects your resistance to hostile enchantments.
   It affects your magic capacity (+10).
 Q - a scarf of cloud immunity (worn)
Jewellery
 o - an uncursed ring of see invisible
 x - an uncursed ring of protection from fire
 z - the ring "Dost" {+Fly rC- rCorr Str-2 Dex+6}
   (You found it in the Dungeon)

   [ring of resist corrosion]

   It affects your strength (-2).
   It affects your dexterity (+6).
   It makes you vulnerable to cold.
   It lets you fly.
   It provides partial protection from all sources of acid and corrosion.
 B - the amulet "Migisat" (around neck) {Harm *Drain +Inv +Fly rC+ MR++}
   (You found it in the Dungeon)

   [amulet of harm]

   It increases damage dealt and taken.
   It protects you from cold.
   It affects your resistance to hostile enchantments.
   It lets you turn invisible.
   It lets you fly.
   It causes draining when unequipped.
 C - a +6 ring of strength
 D - a +6 ring of strength (left hand)
 G - an uncursed amulet of the gourmand
 H - the ring of Lies (right hand) {rF+ rC+ Dex+6 Stlth+}
   (You found it in the Dungeon)

   [ring of protection from fire]

   It affects your dexterity (+6).
   It protects you from fire.
   It protects you from cold.
   It makes you more stealthy.
 J - the ring of Eneykh {*Drain rF+ rC+ SInv Stlth-}
   (You found it in the Dungeon)

   [ring of attention]

   It protects you from fire.
   It protects you from cold.
   It lets you see invisible.
   It causes draining when unequipped.
   It makes you less stealthy.
 O - a +2 ring of protection
 T - the ring "Woent" {+Inv MR+ Dex+2 Stlth+}
   (You took it off a spriggan defender in the Dungeon)

   [ring of protection from magic]

   It affects your dexterity (+2).
   It affects your resistance to hostile enchantments.
   It lets you turn invisible.
   It makes you more stealthy.
 U - an uncursed ring of protection from fire
Wands
 u - a wand of disintegration (7)
 v - a wand of iceblast (7)
 w - a wand of acid (7)
Scrolls
 i - 4 scrolls of blinking
 j - 7 scrolls of fog
 k - a scroll of holy word
 l - 5 scrolls of identify
 m - 5 scrolls of remove curse
 n - 2 scrolls of fear
Potions
 d - 10 potions of curing
 e - 9 potions of heal wounds
 f - 6 potions of haste
 h - 3 potions of berserk rage
 p - 2 potions of invisibility
 q - 4 potions of resistance
 r - a potion of experience
 s - 5 potions of agility
 t - 5 potions of might
Books
 y - a manual of Bows
 A - a manual of Polearms
 K - a manual of Unarmed Combat
 R - a manual of Fighting
Comestibles
 c - 6 rations
 S - 3 chunks of flesh


   Skills:
 * Level 21.3 Fighting
 * Level 17.4 Axes
 + Level 15.6 Armour
 + Level 12.5 Dodging
 * Level 18.8 Shields


You had 13 spell levels left.
You didn't know any spells.
Your spell library was empty.

Dungeon Overview and Level Annotations

Branches:
Dungeon (1/1)

Altars:
Ashenzari
Cheibriados
Dithmenos
Elyvilon
Fedhas
Gozag
Hepliaklqana
Kikubaaqudgha
Makhleb
Nemelex Xobeh
Okawaru
Qazlal
Ru
Sif Muna
Trog
Uskayaw
Vehumet
Wu Jian
Xom
Yredelemnul
Zin
The Shining One
Beogh
Jiyva
Lugonu


Innate Abilities, Weirdness & Mutations

You are resistant to torment.
Your stone body is resilient. (AC +10)
You are immune to poison.
Your large and strong wings let you fly indefinitely.
You resist negative energy. (rN+)
You are resistant to electric shocks. (rElec)
You can survive without breathing.
You are immune to petrification.
You are immune to rotting.


Message History

You slash the torturous warmonger! You closely miss the chaos spawn.
You slice Esoycs!! The gelid demonspawn barely misses you.
You block the orange demon's attack.
SHROANNG!
You block the red devil's attack.
PANG!
You block the orange demon's attack.
SHROANNG!
You slice Hoifuw!!
Hoifuw is almost dead.
You hit the torturous warmonger but do no damage.
You closely miss the chaos spawn. You completely miss Esoycs.
You block Hoifuw's attack.
GONNNNG!
You block the chaos spawn's attack.
GONNNNG!
Esoycs hits you but does no damage. You block the orange demon's attack.
PANG!
The torturous warmonger hits you with a +3 dire flail of protection!!
You die...

▓........
▓.)[[|":)}}:=.▓........
▓..}:=|)=)|)..▓.....)..
▓.............▓........
▓.............▓..▓.....
▓.....4.......▓........
▓...44444.....▓.....©..
▓....&6.6.....▓▓▓▓▓▓▓▓▓
▓.)@4...▓ ▓(.≈8©8.. ▓
▓▓.&(..▓▓ ▓.≈≈[((}}
▓..▓.......▓..▓..|[}):≈
▓.............▓≈.≈...≈.
▓......©......▓.....)..
▓▓▓▓▓▓▓▓▓▓▓▓▓▓▓..≈.))≈.
▓(.≈()).. ▓.≈▓÷(.▓.
▓...≈≈)≈.


You could see Esoycs, Hoifuw, a torturous warmonger, a gelid demonspawn, 3
orange demons, a hellwing, a chaos spawn and 2 red devils.

Vanquished Creatures
  A pandemonium lord (D)
  A cacodemon (D)
  A spriggan defender (D)
  An apis (D)
  A purple draconian (D)
  A merfolk javelineer (D)
  A death ooze (D)
  A blizzard demon (D)
  4 merfolk impalers (D)
  A great orb of eyes (D)
  An anaconda (D)
  A merfolk avatar (D)
  A death knight (D)
  2 merfolk aquamancers (D)
  A spriggan air mage (D)
  A satyr (D)
  A thrashing horror (D)
  4 spriggan berserkers (D)
  A soul eater (D)
  2 wretched stars (D)
  2 sixfirhies (D)
  2 sea snakes (D)
  A torturous demonspawn (D)
  3 large abominations (D)
  2 spriggan druids (D)
  A harpy (D)
  A cyclops (D)
  2 shining eyes (D)
  A manticore (D)
  2 rust devils (D)
  5 toenail golems (D)
  2 merfolk sirens (D)
  A smoke demon (D)
  A water nymph (D)
  2 spiny frogs (D)
  An ice devil (D)
  3 hellwings (D)
  2 dryads (D)
  3 ancient zymes (D)
  2 freezing wraiths (D)
  A polar bear (D)
  3 merfolk (D)
  A hornet (D)
  A wind drake (D)
  4 slime creatures (D)
  A snapping turtle (D)
  A raiju (D)
  2 wraiths (D)
  A flying skull (D)
  8 starcursed masses (D)
  A spriggan (D)
  3 air elementals (D)
  A wyvern (D)
  2 yaks (D)
  A basilisk (D)
  2 golden eyes (D)
  A neqoxec (D)
  A hungry ghost (D)
  2 floating eyes (D)
  3 ice beasts (D)
  A wolf (D)
  A crocodile (D)
  2 bullfrogs (D)
  An earth elemental (D)
  A wight (D)
  5 crimson imps (D)
  4 quasits (D)
  4 jellies (D)
  An orc priest (D)
  An iron imp (D)
  An iguana (D)
  3 orc wizards (D)
  5 shadow imps (D)
  5 white imps (D)
  2 ufetubi (D)
  5 oozes (D)
  2 adder zombies (D)
  An adder skeleton (D)
  An adder simulacrum (D)
  4 bat skeletons (D)
  A ball python skeleton (D)
  2 giant cockroach zombies (D)
  A jackal zombie (D)
  A leopard gecko skeleton (D)
162 creatures vanquished.

Vanquished Creatures (others)
  A spatial maelstrom (D)
  2 insubstantial wisps (D)
3 creatures vanquished.

Grand Total: 165 creatures vanquished

Notes
Turn   | Place    | Note
-------+----------+-------------------------------------------
     0 | D        | Fang the Gargoyle Berserker began the quest for the Orb.
     0 | D        | Reached XP level 1. HP: 14/14 MP: 1/1
     1 | D        | Banished a spatial maelstrom
     6 | D        | Found a blossoming altar of Fedhas.
     7 | D        | Found the +6 Majin-Bo {vamp, Archmagi MP+6 Int+6}
     7 | D        | Found the +7 great mace "Firestarter" {inner flame, rF++}
     7 | D        | Found a transporter.
     7 | D        | Found a viscous altar of Jiyva.
     7 | D        | Found an ancient bone altar of Kikubaaqudgha.
     7 | D        | Found a hazy altar of Hepliaklqana.
     7 | D        | Found a corrupted altar of Lugonu.
     7 | D        | Found an opulent altar of Gozag.
     7 | D        | Found a burning altar of Makhleb.
    11 | D        | Found a stormy altar of Qazlal.
    11 | D        | Found an iron altar of Okawaru.
    11 | D        | Found a sacrificial altar of Ru.
    11 | D        | Found a sparkling altar of Nemelex Xobeh.
    11 | D        | Found a shimmering blue altar of Sif Muna.
    11 | D        | Found a bloodstained altar of Trog.
    18 | D        | Found the +9 heavy crossbow "Sniper" {velocity, Acc+∞ SInv}
    18 | D        | Found the +10 dark maul {crush}
    18 | D        | Found the +15 Maxwell's patent armour {-Cast -Tele rElec
                  | MR+ rCorr}
    18 | D        | Found the +18 shield of the Gong {rElec rN+ MR+ EV-5}
    18 | D        | Found the cursed +14 obsidian axe {chop, +Fly SInv *Curse}
    83 | D        | Entered arena 2.
    83 | D        | Noticed a jelly
    83 | D        | Noticed a jelly
    83 | D        | Found a transporter.
    85 | D        | Killed a jelly
    85 | D        | Reached skill level 4 in Fighting
    85 | D        | Reached XP level 2. HP: 20/20 MP: 2/2
    85 | D        | Reached XP level 3. HP: 24/24 MP: 3/3
    85 | D        | Reached skill level 5 in Fighting
    85 | D        | Reached XP level 4. HP: 31/31 MP: 4/4
   202 | D        | Entered arena 3.
   202 | D        | Noticed an ice beast
   202 | D        | Noticed a polar bear
   202 | D        | Found a transporter.
   206 | D        | Reached ** piety under Trog
   209 | D        | Killed a polar bear
   209 | D        | Reached skill level 7 in Fighting
   209 | D        | Reached skill level 5 in Dodging
   209 | D        | Reached XP level 5. HP: 39/39 MP: 5/5
   209 | D        | Reached XP level 6. HP: 44/44 MP: 6/6
   211 | D        | Killed an ice beast
   211 | D        | Reached skill level 8 in Fighting
   252 | D        | Entered arena 4.
   252 | D        | Found a transporter.
   256 | D        | Reached *** piety under Trog
   257 | D        | Reached XP level 7. HP: 50/50 MP: 7/7
   270 | D        | Entered arena 5.
   270 | D        | Found a transporter.
   271 | D        | Found the +2 hat of the Bear Spirit {Spirit, +Rage rN+
                  | MR++}
   271 | D        | Identified the +8 quarterstaff of Kofeblisch {venom,
                  | Fragile +Blink MP+9 Stlth+}
   274 | D        | Reached **** piety under Trog
   274 | D        | Reached skill level 9 in Fighting
   274 | D        | Reached skill level 1 in Shields
   275 | D        | Received a gift from Trog
   362 | D        | Entered arena 6.
   362 | D        | Noticed an insubstantial wisp
   362 | D        | Noticed an air elemental
   362 | D        | Noticed an air elemental
   362 | D        | Noticed an air elemental
   362 | D        | Noticed an insubstantial wisp
   362 | D        | Found a transporter.
   363 | D        | Found the +10 Black Knight's horse barding {ponderous,
                  | rPois rN+}
   363 | D        | Killed an insubstantial wisp
   364 | D        | Killed an insubstantial wisp
   366 | D        | Killed an air elemental
   376 | D        | Killed an air elemental
   376 | D        | Reached ***** piety under Trog
   376 | D        | Reached skill level 10 in Fighting
   376 | D        | Reached XP level 8. HP: 20/57 MP: 1/8
   380 | D        | Killed an air elemental
   380 | D        | Reached skill level 5 in Shields
   431 | D        | Got the ring "Dost" {+Fly rC- rCorr Str-2 Dex+6}
   634 | D        | Entered arena 7.
   635 | D        | Found a transporter.
   638 | D        | Received a gift from Trog
   643 | D        | Received a gift from Trog
   653 | D        | Got the amulet "Migisat" {Harm *Drain +Inv +Fly rC+ MR++}
   657 | D        | Entered arena 8.
   657 | D        | Noticed a toenail golem
   657 | D        | Noticed a toenail golem
   657 | D        | Noticed a toenail golem
   657 | D        | Noticed a toenail golem
   657 | D        | Noticed a toenail golem
   658 | D        | Found a transporter.
   662 | D        | Killed a toenail golem
   667 | D        | Killed a toenail golem
   667 | D        | Reached skill level 11 in Fighting
   667 | D        | Reached XP level 9. HP: 64/64 MP: 9/9
   667 | D        | Killed a toenail golem
   667 | D        | Reached skill level 10 in Armour
   667 | D        | Killed a toenail golem
   667 | D        | Reached skill level 12 in Fighting
   667 | D        | Reached skill level 10 in Axes
   671 | D        | Killed a toenail golem
   676 | D        | Received a gift from Trog
   736 | D        | Entered arena 9.
   737 | D        | Found a transporter.
   737 | D        | Paralysed by a floating eye for 2 turns
   740 | D        | Received a gift from Trog
   742 | D        | Reached XP level 10. HP: 72/72 MP: 10/10
   754 | D        | Entered arena 10.
   754 | D        | Noticed a purple draconian
   755 | D        | Found a transporter.
   761 | D        | Reached ****** piety under Trog
   761 | D        | Reached skill level 10 in Shields
   762 | D        | Reached skill level 13 in Fighting
   763 | D        | Received a gift from Trog
   769 | D        | Killed a purple draconian
   890 | D        | Entered arena 11.
   890 | D        | Noticed a spiny frog
   890 | D        | Noticed a spiny frog
   891 | D        | Found a transporter.
   894 | D        | Received a gift from Trog
   899 | D        | Killed a spiny frog
   899 | D        | Received a gift from Trog
   902 | D        | Killed a spiny frog
   902 | D        | Reached skill level 14 in Fighting
   924 | D        | Got the ring of Lies {rF+ rC+ Dex+6 Stlth+}
   941 | D        | Entered arena 12.
   941 | D        | Noticed a harpy
   941 | D        | Noticed a merfolk impaler
   941 | D        | Noticed a merfolk siren
   941 | D        | Noticed a merfolk siren
   941 | D        | Noticed a merfolk aquamancer
   942 | D        | Noticed a merfolk impaler
   942 | D        | Noticed a merfolk impaler
   942 | D        | Noticed a sea snake
   942 | D        | Noticed a water nymph
   948 | D        | Killed a merfolk aquamancer
   948 | D        | Reached XP level 11. HP: 80/80 MP: 9/11
   951 | D        | Killed a sea snake
   951 | D        | Received a gift from Trog
   951 | D        | Killed a harpy
   952 | D        | Found a transporter.
   957 | D        | Killed a merfolk impaler
   957 | D        | Reached skill level 15 in Fighting
   960 | D        | Killed a merfolk impaler
   960 | D        | Received a gift from Trog
   968 | D        | Killed a merfolk impaler
   985 | D        | Got the ring of Eneykh {*Drain rF+ rC+ SInv Stlth-}
  1181 | D        | Entered arena 13.
  1181 | D        | Noticed a cyclops
  1181 | D        | Noticed a merfolk javelineer
  1181 | D        | Noticed a sea snake
  1181 | D        | Noticed a merfolk impaler
  1181 | D        | Noticed a manticore
  1182 | D        | Noticed a merfolk avatar
  1182 | D        | Noticed a merfolk aquamancer
  1196 | D        | Killed a sea snake
  1196 | D        | Reached skill level 10 in Dodging
  1197 | D        | Found a transporter.
  1198 | D        | Killed a merfolk aquamancer
  1198 | D        | Received a gift from Trog
  1198 | D        | Killed a cyclops
  1198 | D        | Received a gift from Trog
  1198 | D        | Reached skill level 16 in Fighting
  1198 | D        | Reached XP level 12. HP: 88/88 MP: 10/12
  1203 | D        | Killed a merfolk impaler
  1226 | D        | Killed a merfolk avatar
  1232 | D        | Killed a merfolk javelineer
  1232 | D        | Received a gift from Trog
  1383 | D        | Entered arena 14.
  1384 | D        | Noticed a great orb of eyes
  1385 | D        | Noticed a death ooze
  1386 | D        | Found the +3 hat of Pondering {ponderous, MR+ MP+10 Int+5}
  1386 | D        | Found a transporter.
  1392 | D        | Killed a death ooze
  1392 | D        | Reached skill level 15 in Shields
  1392 | D        | Received a gift from Trog
  1393 | D        | Killed a great orb of eyes
  1393 | D        | Reached skill level 17 in Fighting
  1397 | D        | Received a gift from Trog
  1490 | D        | Entered arena 15.
  1491 | D        | Identified the +8 quarterstaff "Eliuripp" {crush, rC++
                  | Str+7}
  1491 | D        | Noticed a wretched star
  1493 | D        | Found the +4 robe of Augmentation {Str+4 Int+4 Dex+4}
  1502 | D        | Received a gift from Trog
  1510 | D        | Killed a wretched star
  1510 | D        | Reached skill level 15 in Axes
  1511 | D        | Found a transporter.
  1626 | D        | Entered arena 16.
  1628 | D        | Noticed a blizzard demon
  1631 | D        | Found a transporter.
  1636 | D        | Received a gift from Trog
  1642 | D        | Killed a blizzard demon
  1642 | D        | Reached XP level 13. HP: 97/97 MP: 11/13
  1646 | D        | Received a gift from Trog
  1714 | D        | Entered arena 17.
  1718 | D        | Noticed an apis
  1719 | D        | Found the +3 pair of gauntlets of War {Slay+5}
  1719 | D        | Identified the ring "Woent" {+Inv MR+ Dex+2 Stlth+}
  1719 | D        | Noticed a spriggan defender
  1725 | D        | Reached skill level 18 in Fighting
  1727 | D        | Received a gift from Trog
  1730 | D        | Killed an apis
  1735 | D        | Received a gift from Trog
  1735 | D        | Received a gift from Trog
  1738 | D        | Killed a spriggan defender
  1738 | D        | Received a gift from Trog
  1740 | D        | Found a transporter.
  1848 | D        | Entered arena 18.
  1851 | D        | Noticed a starcursed mass
  1856 | D        | Received a gift from Trog
  1861 | D        | Reached skill level 19 in Fighting
  1862 | D        | Received a gift from Trog
  1865 | D        | Found a transporter.
  1868 | D        | Received a gift from Trog
  1874 | D        | Received a gift from Trog
  1921 | D        | Got the +7 war axe of Chaos {chop, +Rage rElec rPois Dex+3}
  2062 | D        | Entered arena 19.
  2065 | D        | Noticed Esoycs the pandemonium lord
  2065 | D        | Noticed a torturous warmonger
  2065 | D        | Noticed a cacodemon
  2066 | D        | Noticed Hoifuw the pandemonium lord
  2066 | D        | Noticed Suofuja the pandemonium lord
  2066 | D        | Identified the +6 hand axe of Peceranu {chop, Int+5 SInv}
  2069 | D        | Received a gift from Trog
  2069 | D        | Reached skill level 15 in Armour
  2079 | D        | Reached skill level 20 in Fighting
  2084 | D        | Killed Suofuja the pandemonium lord
  2084 | D        | Reached skill level 21 in Fighting
  2084 | D        | Gained mutation: Your large and strong wings let you fly
                  | indefinitely. [Gargoyle growth]
  2084 | D        | Reached XP level 14. HP: 67/110 MP: 6/14
  2085 | D        | Received a gift from Trog
  2087 | D        | Killed a cacodemon
  2091 | D        | HP: 6/165 [torturous warmonger's spines (8)]
  2092 | D        | Demolished by a torturous warmonger

Levels and vault maps discovered:
D:        sprint_v [room_start, room_1, room_2, room_3, room_4, room_5, room_6,
          room_7, room_8, room_9, room_10, room_11, room_12, room_13, room_14,
          room_15, room_16, room_17, room_18, room_19, room_20, room_21,
          room_22, room_23, room_24, room_25, room_26, room_27]

Skill      XL: |  1  2  3  4  5  6  7  8  9 10 11 12 13 |
---------------+----------------------------------------+-----
Fighting       | 4 5 7 8 10 11 12 14 16 17 21 | 21.3
Axes           | 3 4 6 7 8 9 10 12 13 15 17 | 17.4
Armour         | 3 4 7 8 9 10 11 12 13 15 | 15.6
Dodging        | 2 3 5 6 7 8 9 10 11 12 | 12.5
Shields        | 4 7 9 12 14 16 18 | 18.8

Action                   |  1- 3 |  4- 6 |  7- 9 | 10-12 | 13-15 || total
-------------------------+-------+-------+-------+-------+-------++-------
Melee: Broad axe         |     1 |    11 |    48 |   127 |    68 ||   255
Invok: Berserk           |     1 |     1 |     2 |     7 |     3 ||    14
       Trog's Hand       |       |       |       |     1 |       ||     1
  Use: Scroll            |       |       |     1 |       |     5 ||     6
       Potion            |       |       |       |     1 |       ||     1
  Eat: Ration            |       |       |     1 |       |     1 ||     2
       Chunk             |       |       |       |     8 |     1 ||     9
Armor: Plate armour      |       |     4 |    29 |    78 |    31 ||   142
Dodge: Dodged            |       |       |     4 |    28 |    19 ||    51
Block: Shield            |       |    11 |    82 |   230 |   111 ||   434
